 Dungeon Sprint DCSS version 0.19.1-1-g22dce08 (webtiles) character file.

2552 dvd the Fencer (level 9, -2/86 HPs)
             Began as a Minotaur Gladiator on Jan 3, 2017.
             Was a Believer of Okawaru.
             Killed by divine providence
             ... invoked by an orc priest
              (13 damage)
             ... in the Dungeon (Sprint III: "The Ten Rune Challenge").
             The game lasted 00:04:44 (1315 turns).

dvd the Fencer (Minotaur Gladiator)                 Turns: 1315, Time: 00:04:45

Health: -2/86      AC:  7    Str: 22    XL:     9   Next: 31%
Magic:  7/9        EV: 17    Int:  5    God:    Okawaru [**....]
Gold:   24         SH:  0    Dex: 12    Spells: 0 memorised, 8 levels left

rFire  . . .     SeeInvis .     g - +0 long sword (holy)
rCold  . . .     Gourm    .     m - +0 ring mail
rNeg   . . .     Faith    .     (no shield)
rPois  .         Spirit   .     c - +0 hat
rElec  .         Reflect  .     (no cloak)
rCorr  .         Harm     .     (no gloves)
MR     .....     NoTele   +     (no boots)
Stlth  ..........               (no amulet)
                                (no ring)
                                (no ring)

@: confused
A: retaliatory headbutt, claws 2, horns 2
a: Heroism, Renounce Religion


You were in the Dungeon.
You worshipped Okawaru.
Okawaru was pleased with you.
You were not hungry.

You visited 1 branch You collected 24 gold pieces.

Inventory:

Hand Weapons
 a - a +0 long sword
 g - a +0 long sword of holy wrath (weapon)
Missiles
 d - 2 throwing nets (quivered)
Armour
 b - a +0 leather armour
 c - a +0 hat (worn)
 m - a +0 ring mail (worn)
 w - a +2 robe of magic resistance
Scrolls
 k - a scroll of blinking
 l - a scroll of holy word {unknown}
 n - 3 scrolls of identify
 o - a scroll of magic mapping {unknown}
 s - 2 scrolls of torment {unknown}
 t - a scroll of enchant armour {unknown}
Potions
 h - a potion of haste
 i - 2 potions of magic
 q - 2 potions of curing
 r - 4 potions of flight
 v - 3 potions of cure mutation
Books
 e - a book of Cantrips

   Spells                             Type                      Level
   a - Confusing Touch                Hexes                        1
   b - Animate Skeleton               Necromancy                   1
   c - Summon Small Mammal            Summoning                    1
   d - Apportation                    Translocation                1
Comestibles
 f - a bread ration
 j - a chunk of flesh
 p - 2 royal jellies
 u - a meat ration


   Skills:
 + Level 10.5 Fighting
 + Level 15.3 Long Blades
 + Level 5.3 Throwing
 + Level 9.5 Armour
 + Level 11.7 Dodging
 + Level 3.4 Stealth
 + Level 1.5 Invocations


You had 8 spell levels left.
You didn't know any spells.

Dungeon Overview and Level Annotations

Branches:
Dungeon (1/1)

Altars:
Cheibriados
Dithmenos
Elyvilon
Fedhas
Gozag
Hepliaklqana
Kikubaaqudgha
Makhleb
Nemelex Xobeh
Okawaru
Qazlal
Ru
Sif Muna
Trog
Uskayaw
Vehumet
Xom
Yredelemnul
Zin
The Shining One
Beogh
Jiyva
Lugonu

Shops:
D (


Innate Abilities, Weirdness & Mutations

You reflexively headbutt those who attack you in melee.
You have a pair of horns on your head.
You have very sharp fingernails.


Message History

The orc wizard mumbles some strange words.
The orc wizard blinks!
The orc priest looks encouraged for a moment.
Something hits you.
The orc hits you from afar with a trident.
The orc priest calls down the wrath of Beogh upon you.
Beogh smites you!
You bump into the rock wall.
You feel like a meek peon again.
The orc wizard casts a spell.
The orc wizard blinks!
The orc warrior hits you with a dire flail!
* * * LOW HITPOINT WARNING * * *
Something hits you.
* * * LOW HITPOINT WARNING * * *
The orc hits you from afar with a trident.
* * * LOW HITPOINT WARNING * * *
The orc priest mumbles some strange prayers to Beogh against you.
Beogh smites you!
You die...

▓▓▓ ##.############ ##
##$
##..#___#__[#__###$##∩.#
.#..#...#__.#._#$..o.o..
.#..###'#'###)##oooooo
'#..#..........#loo{
#...'.⌠........#$o#
#...#...######'#@#
....#.⌠.#__#...#§#####
....#...#__#...#§§§§≈+
....#)###__#...#§#§§§#
....#..:#__#...'.#§§§#
....#___#__'...#.#§§§#
▓▓▓▓▓▓▓▓▓▓▓▓▓▓▓▓▓▓▓▓▓▓


You could see 2 orc warriors, 5 orc priests, an orc wizard, 3 orcs and a leopard
gecko.

Vanquished Creatures
  Josephine (D)
  An orc sorcerer (D)
  A deep elf mage (D)
  A shadow (D)
  A spatial vortex (D)
  An orc warrior (D)
  A necrophage (D)
  A water elemental (D)
  A scorpion (D)
  A jelly (D)
  An orc priest (D)
  A wizard (D)
  A necromancer (D)
  3 humans (D)
  A kobold demonologist (D)
  An ooze (D)
  3 rats (D)
21 creatures vanquished.

Vanquished Creatures (others)
  2 draconian scorchers (D)
  6 hellions (D)
  2 yaktaurs (D)
  3 plants (D)
13 creatures vanquished.

Grand Total: 34 creatures vanquished

Notes
Turn   | Place    | Note
-------+----------+-------------------------------------------
     0 | D        | dvd the Minotaur Gladiator began the quest for the Orb.
     0 | D        | Reached XP level 1. HP: 18/18 MP: 0/0
    14 | D        | Reached skill level 4 in Long Blades
    68 | D        | Noticed a scorpion
    81 | D        | Reached skill level 5 in Long Blades
    81 | D        | Reached skill level 5 in Dodging
    81 | D        | Reached XP level 2. HP: 16/26 MP: 1/1
    85 | D        | Killed a hellion
    99 | D        | Killed a hellion
    99 | D        | Killed a hellion
   104 | D        | Killed a scorpion
   104 | D        | Reached skill level 6 in Long Blades
   104 | D        | Reached XP level 3. HP: 10/33 MP: 2/2
   104 | D        | Reached XP level 4. HP: 13/40 MP: 3/3
   111 | D        | Killed a hellion
   123 | D        | Killed a hellion
   159 | D        | Killed a hellion
   212 | D        | Killed a white draconian scorcher
   339 | D        | Killed a white draconian scorcher
   341 | D        | Gained mutation: You have sharp fingernails. [potion of mutation]
   341 | D        | Gained mutation: Your spells are a little easier to cast, but a little less powerful. [potion of mutation]
   342 | D        | Gained mutation: You have very sharp fingernails. [potion of mutation]
   342 | D        | Lost mutation: Your spells are a little easier to cast, but a little less powerful. [potion of mutation]
   348 | D        | Noticed a water elemental
   357 | D        | Killed a water elemental
   357 | D        | Reached skill level 7 in Long Blades
   357 | D        | Reached skill level 1 in Armour
   366 | D        | Found a hide-covered altar of Uskayaw.
   366 | D        | Found a roughly hewn altar of Beogh.
   366 | D        | Found an iron altar of Okawaru.
   366 | D        | Found a bloodstained altar of Trog.
   366 | D        | Noticed a human
   368 | D        | Noticed a human
   374 | D        | Killed a human
   374 | D        | Reached skill level 5 in Fighting
   374 | D        | Reached skill level 9 in Long Blades
   374 | D        | Reached skill level 1 in Stealth
   374 | D        | Reached XP level 5. HP: 32/50 MP: 4/4
   374 | D        | Reached XP level 6. HP: 36/57 MP: 5/5
   380 | D        | Killed a human
   380 | D        | Reached skill level 10 in Long Blades
   396 | D        | Became a worshipper of Warmaster Okawaru
   579 | D        | Found a radiant altar of Vehumet.
   579 | D        | Found a deep blue altar of Sif Muna.
   579 | D        | Found an ancient bone altar of Kikubaaqudgha.
   582 | D        | Noticed a rust devil
   583 | D        | Noticed a red devil
   611 | D        | Killed a yaktaur
   662 | D        | Killed a yaktaur
   759 | D        | Found a glowing silver altar of Zin.
   759 | D        | Found a glowing golden altar of the Shining One.
   759 | D        | Found a white marble altar of Elyvilon.
   760 | D        | Noticed a deep elf mage
   770 | D        | Killed a deep elf mage
   770 | D        | Reached * piety under Okawaru
   770 | D        | Reached skill level 12 in Long Blades
   770 | D        | Reached skill level 5 in Throwing
   770 | D        | Reached skill level 5 in Armour
   770 | D        | Reached skill level 10 in Dodging
   770 | D        | Reached XP level 7. HP: 40/67 MP: 6/6
   899 | D        | Found a basalt altar of Yredelemnul.
   899 | D        | Found a shadowy altar of Dithmenos.
   899 | D        | Found a sacrificial altar of Ru.
   936 | D        | Noticed a shadow
   938 | D        | Killed a shadow
   938 | D        | Reached XP level 8. HP: 75/75 MP: 7/7
   964 | D        | Found a blossoming altar of Fedhas.
   964 | D        | Found a stormy altar of Qazlal.
   964 | D        | Found a snail-covered altar of Cheibriados.
   964 | D        | Found a burning altar of Makhleb.
   964 | D        | Found a shimmering altar of Xom.
   965 | D        | Found a hazy altar of Hepliaklqana.
   965 | D        | Found an opulent altar of Gozag.
   965 | D        | Found a sparkling altar of Nemelex Xobeh.
   965 | D        | Found a corrupted altar of Lugonu.
   965 | D        | Found a viscous altar of Jiyva.
  1222 | D        | Reached skill level 13 in Long Blades
  1235 | D        | Noticed Josephine
  1246 | D        | Killed Josephine
  1246 | D        | Reached ** piety under Okawaru
  1246 | D        | Reached skill level 14 in Long Blades
  1246 | D        | Reached skill level 1 in Invocations
  1246 | D        | Reached XP level 9. HP: 73/85 MP: 5/8
  1299 | D        | Found Ynilem Uboe's Antique Weapon Boutique.
  1299 | D        | Noticed an orc sorcerer
  1304 | D        | Reached skill level 10 in Fighting
  1308 | D        | Killed an orc sorcerer
  1308 | D        | Reached skill level 15 in Long Blades
  1315 | D        | Killed from afar by an orc priest

Skill      XL: |  1  2  3  4  5  6  7  8  9 |
---------------+----------------------------+-----
Long Blades    | 5 6 9 12 14 15 | 15.3
Dodging        | 5 6 8 10 11 | 11.7
Fighting       | 3 4 5 7 8 9 10 | 10.5
Throwing       | 4 5 |  5.3
Armour         | 2 5 6 8 9 |  9.5
Stealth        | 1 2 3 |  3.4
Invocations    | 1 |  1.5

Action                   |  1- 3 |  4- 6 |  7- 9 || total
-------------------------+-------+-------+-------++-------
Melee: Long sword        |    29 |    42 |    49 ||   120
       Headbutt          |     3 |     7 |     8 ||    18
Throw: Throwing net      |       |     1 |       ||     1
Invok: Heroism           |       |       |     3 ||     3
  Use: Potion            |     1 |     5 |       ||     6
 Stab: Held in net/web   |       |     1 |       ||     1
  Eat: Chunk             |       |       |     1 ||     1
Armor: Leather armour    |     3 |       |       ||     3
       Ring mail         |     3 |     2 |     7 ||    12
Dodge: Dodged            |    20 |    16 |    19 ||    55
       Rpst.: Long sword |     6 |     4 |     7 ||    17
